 Dungeon Crawl Stone Soup version 0.27-a0-1334-g2746e35aca (webtiles) character file.

Game seed: 6776632127370224313

1127 bande the Chopper (level 8, -1/49 HPs)
             Began as a Gargoyle Fighter on June 27, 2021.
             Killed from afar by an acid dragon (11 damage)
             ... with a splash of acid
             ... on level 5 of the Dungeon.
             The game lasted 00:08:39 (5649 turns).

bande the Chopper (Gargoyle Fighter)                Turns: 5649, Time: 00:08:40

Health: -1/49      AC: 16    Str: 20    XL:     8   Next: 35%
Magic:  8/8        EV: 14    Int: 10    God:
Gold:   159        SH: 10    Dex: 10    Spells: 7/7 levels left

rFire    . . .     SeeInvis .   a - +0 war axe
rCold    . . .     Faith    .   h - +0 kite shield {rN+}
rNeg     + + .     Spirit   .   c - +0 chain mail
rPois    ∞         Reflect  .   b - +0 helmet
rElec    +         Harm     .   (no cloak)
rCorr    .         Rampage  .   (no gloves)
Will     .....                  (no boots)
Stlth    ..........             (no amulet)
HPRegen  0.16/turn              e - +4 ring of evasion
MPRegen  0.11/turn              j - +4 ring of evasion

@: no status effects
A: sickness immunity, AC +5, negative energy resistance 1, electricity
resistance, torment resistance 1, petrification resistance
a: no special abilities


You were on level 5 of the Dungeon.
You visited 1 branch of the dungeon, and saw 5 of its levels.

You collected 159 gold pieces.

Inventory:

Hand Weapons
 a - a +0 war axe (weapon)
 o - a +0 flail
Missiles
 k - 2 throwing nets
 m - 8 atropa-tipped darts (quivered)
Armour
 b - a +0 helmet (worn)
 c - a +0 chain mail (worn)
 h - a +0 kite shield of positive energy (worn)
Jewellery
 e - a +4 ring of evasion (left hand)
 f - a ring of positive energy
 g - a +4 ring of protection
 j - a +4 ring of evasion (right hand)
 l - a ring of poison resistance
 n - an amulet of regeneration
Wands
 q - a wand of acid (8)
Scrolls
 i - 2 scrolls of identify
 p - a scroll of summoning
Potions
 d - a potion of heal wounds


   Skills:
 + Level 5.1 Fighting
 + Level 6.0 Axes
 + Level 5.4 Armour
 + Level 1.5 Dodging
 + Level 5.6 Shields


You had 7 spell levels left.
You didn't know any spells.
Your spell library contained the following spells:

 Spells                   Type           Power      Damage    Failure   Level
 Summon Small Mammal      Summ           0%         N/A       100%        1
 Call Imp                 Summ           0%         N/A       100%        2
 Call Canine Familiar     Summ           0%         N/A       100%        3
 Summon Guardian Golem    Hex/Summ       0%         N/A       100%        3
 Summon Ice Beast         Ice/Summ       0%         N/A       100%        4
 Summon Lightning Spire   Summ/Air       0%         N/A       100%        4


Dungeon Overview and Level Annotations

Branches:
Dungeon (5/15)
 Temple: D:4-7

Altars:
Dithmenos
Kikubaaqudgha


Innate Abilities, Weirdness & Mutations

You are immune to sickness and miasma.
Your stone body is resilient. (AC +5)
You are immune to poison.
You resist negative energy. (rN+)
You are resistant to electric shocks. (rElec)
You are resistant to unholy torment.
You are immune to petrification.


Message History

The acid dragon barely misses you.
You hear some strange, mumbled words.
You are more confused.
The acid dragon bites you but does no damage.
The acid dragon claws you but does no damage.
You miss something. You closely miss the acid dragon.
Something barely misses you.
The acid dragon bites you but does no damage.
The acid dragon claws you but does no damage.
Something hits you but does no damage.
You bump into the rock wall.
The acid dragon closely misses you.
The acid dragon claws you but does no damage.
Something hits you but does no damage.
Unknown command.
Unknown command.
The acid dragon misses you. The acid dragon closely misses you.
You bump into the rock wall.
The acid dragon bites you. The acid dragon misses you.
You hear some strange, mumbled words.
A puff of flame appears from out of thin air!
The puff of flame misses you.
You barely miss the acid dragon.
The acid dragon is moderately wounded.
You barely miss something. The acid dragon barely misses you.
The acid dragon misses you. Something hits you but does no damage.
You bump into the rock wall.
The acid dragon spits acid at you. The splash of acid hits you!
You are splashed with acid!
* * * LOW HITPOINT WARNING * * *
You hear some strange, mumbled words.
A magic dart appears from out of thin air!
The magic dart hits you but does no damage.
The acid dragon bites you.
* * * LOW HITPOINT WARNING * * *
The acid dragon claws you but does no damage.
Unknown command.
You feel less confused. The acid dragon spits acid at you.
The splash of acid hits you!
You die...

#.##..# #.##.....##
#.##..# #.#.......#
#.#...###..........
#..............(...
#..................
##.#.#.####.......#
#.##.## ##.....##
#.##### ##...##
#@#.#.#.#.###+##
#..D.......#
#.#{.†....##
#............
#..#..>....#.
#............
####.......#.
.........$
#.#.#.#.#.


You could see an acid dragon (catching breath).

Vanquished Creatures
  Sigmund (D:2)
  2 necrophages
  A phantom (D:5)
  A kobold brigand (D:4)
  A gnoll sergeant (D:5)
  2 scorpions (D:4)
  A hound (D:5)
  An orc priest (D:5)
  Natasha (twice) (D:3)
  Terence (D:3)
  3 orc wizards
  5 gnolls
  11 adders
  4 worms
  A dart slug (D:1)
  16 orcs
  A bat skeleton (D:2)
  A bat zombie (D:2)
  7 endoplasms
  7 giant cockroaches
  4 goblins
  6 hobgoblins
  7 jackals
  9 kobolds
  5 quokkas
  4 ball pythons
  A ball python zombie (D:2)
  4 bats
  5 frilled lizards
  A quokka zombie (D:2)
  5 rats
120 creatures vanquished.

Vanquished Creatures (others)
  A human (D:3)
  6 plants
  5 withered plants (D:2)
12 creatures vanquished.

Grand Total: 132 creatures vanquished

Notes
Turn   | Place    | Note
-------+----------+-------------------------------------------
     0 | D:1      | bande the Gargoyle Fighter began the quest for the Orb.
     0 | D:1      | Reached XP level 1. HP: 14/14 MP: 1/1
   120 | D:1      | Reached XP level 2. HP: 18/19 MP: 2/2
   209 | D:1      | Found a faded altar of an unknown god.
   670 | D:1      | Reached skill level 2 in Axes
   714 | D:1      | Reached XP level 3. HP: 23/23 MP: 3/3
  1251 | D:2      | Reached XP level 4. HP: 28/28 MP: 4/4
  1354 | D:2      | Reached skill level 3 in Axes
  1401 | D:2      | Noticed Sigmund
  1414 | D:2      | Killed Sigmund
  1415 | D:2      | Reached XP level 5. HP: 23/33 MP: 5/5
  1415 | D:2      | Reached XP level 6. HP: 26/38 MP: 6/6
  1542 | D:2      | Found a shadowy altar of Dithmenos.
  1818 | D:2      | Reached skill level 4 in Axes
  2192 | D:3      | Found an ancient bone altar of Kikubaaqudgha.
  2192 | D:3      | Noticed a human
  2196 | D:3      | Killed a human
  2209 | D:3      | Noticed Terence
  2213 | D:3      | Killed Terence
  2307 | D:3      | Noticed Natasha
  2314 | D:3      | Killed Natasha
  2473 | D:3      | Reached skill level 1 in Dodging
  2766 | D:3      | Noticed Natasha
  2776 | D:3      | Killed Natasha
  3380 | D:4      | Noticed a necrophage
  3386 | D:4      | Killed a necrophage
  3387 | D:4      | Reached XP level 7. HP: 43/43 MP: 7/7
  3649 | D:4      | Reached skill level 5 in Shields
  3738 | D:4      | Reached skill level 5 in Axes
  4027 | D:5      | Entered Level 5 of the Dungeon
  4607 | D:5      | Reached skill level 5 in Armour
  4607 | D:5      | Reached XP level 8. HP: 48/48 MP: 8/8
  5232 | D:5      | Reached skill level 5 in Fighting
  5248 | D:5      | Reached skill level 6 in Axes
  5649 | D:5      | Killed from afar by an acid dragon

Illustrated notes

Levels and vault maps discovered:
D:1:      lemuel_arrival_broad_hall, layout_loops_ring,
          shapermc_ecumenical_altar_mp_vishouse, kennysheep_pointless_box,
          chequers_big_river, minmay_hexomino_f4
D:2:      layout_basic, basic_altar, serial_undead, serial_undead_c,
          serial_undead_e, serial_undead_e, serial_undead_e, uniq_sigmund
D:3:      layout_loops_ring, tgw_kikubaaqudgha, hangedman_decor_points,
          uniq_terence, uniq_natasha
D:4:      layout_layer_cave, lexackson_kobold_supper
D:5:      minmay_chambers_of_threes, layout_loops_corners,
          nicolae_wu_jian_glorious_leap, minmay_temple_entry_enclosed_plants,
          st_stairs_4, grunt_ministairs_11, kennysheep_windowed_goal

Skill      XL: |  1  2  3  4  5  6  7  8 |
---------------+-------------------------+-----
Axes           | 2 3 4 5 6 |  6.0
Fighting       | 4 5 |  5.1
Armour         | 4 5 |  5.4
Shields        | 4 5 |  5.6
Dodging        | 1 |  1.5

Action                   |  1- 3 |  4- 6 |  7- 9 || total
-------------------------+-------+-------+-------++-------
Melee: War axe           |    72 |   167 |   211 ||   450
  Use: Scroll            |       |     5 |     3 ||     8
       Potion            |       |     2 |     2 ||     4
Armor: Scale mail        |    37 |    59 |       ||    96
       Chain mail        |       |     5 |   100 ||   105
Dodge: Dodged            |    37 |    86 |   127 ||   250
Block: Kite shield       |    49 |    61 |   124 ||   234

Table legend: (Time is in decaauts)
 A = Elapsed time spent in this place.
 B = Non-inter-level travel time spent in this place.
 C = Inter-level travel time spent in this place.
 D = Time resting spent in this place.
 E = Time spent auto-exploring this place.
 F = Levels seen in this place.
 G = Mean time per level.
                   A        B        C        D        E       F      G
               +--------+--------+--------+--------+--------+-----+--------+
         Total |   5881 |   5862 |     19 |   1498 |   3109 |   5 | 1176.2 |
       Dungeon |   5881 |   5862 |     19 |   1498 |   3109 |   5 | 1176.2 |
               +--------+--------+--------+--------+--------+-----+--------+

Top non-repeatable levels by time:
     D:5: 1669 daAuts
     D:1: 1185 daAuts
     D:3: 1110 daAuts
     D:2: 1093 daAuts
     D:4: 822 daAuts
